 Dungeon Crawl Stone Soup version 0.31.0-1-g2c135a008e (webtiles) character file.

Game seed: 15179809668139299160

92 qw the Shooter (level 4, -7/35 HPs)
             Began as a Djinni Hunter on Jan 24, 2024.
             Mangled by Terence
             ... wielding a +6 hand axe of electrocution
              (20 damage)
             ... on level 3 of the Dungeon.
             The game lasted 00:00:07 (1583 turns).

qw the Shooter (Djinni Hunter)                      Turns: 1583, Time: 00:00:07

Health: -7/35      AC:  7    Str: 10    XL:     4   Next: 90%
Gold:   38         EV: 11    Int: 10    God:
                   SH:  0    Dex: 19

rFire   + + .        a - +1 shortbow
rCold   x . .        (shield currently unavailable)
rNeg    . . .        i - +0 ring mail
rPois   inf          (no helmet)
rElec   .            j - +0 cloak
rCorr   .            e - +0 pair of gloves
SInv    .            (boots unavailable)
Will    .....        (no amulet)
Stlth   +            (no ring)
HPRegen 0.25/turn    (no ring)
MPRegen 0.00/turn

%: infuse magic (-8 HP)
@: flying
A: sickness immunity, fire resistance 2, cold vulnerability 1, float, innate
caster, HP casting, extra vitality 1
a: no special abilities


You were on level 3 of the Dungeon.
You visited 1 branch of the dungeon, and saw 3 of its levels.

You collected 38 gold pieces.


Innate Abilities, Weirdness & Mutations

You are immune to sickness and miasma.
You are immune to poison.
Your flesh is very heat resistant. (rF++)
You are vulnerable to cold. (rC-)
You float through the air rather than walking.
You learn spells naturally, not from books.
Your magical power is your life essence.
You have superior vitality. (+4 MHP)


   Skills:
 - Level 3.1 Fighting
 + Level 4.2 Ranged Weapons
 - Level 1.0 Armour
 - Level 2.1 Dodging
 - Level 0.7 Stealth


You knew the following spells:

 Your Spells              Type           Power      Damage    Failure   Level
a - Shock                 Conj/Air       0%         1d3       67%         1
Your spell library was empty.

Inventory:

Hand Weapons
 a - a +1 shortbow (weapon)
Armour
 e - a +0 pair of gloves (worn)
 i - a +0 ring mail (worn)
 j - a +0 cloak (worn)
Potions
 b - a potion of curing
 d - a potion of heal wounds
 f - a potion of haste {unknown}
 g - a potion of brilliance {unknown}
 h - a potion of invisibility {unknown}

Dungeon Overview and Level Annotations

Branches:
Dungeon (3/15)

Altars:

Shops:
D:1 *

Annotations:
D:3 Terence


Message History

You shoot an arrow.
The arrow barely misses the giant cockroach.
The giant cockroach bites you. The giant cockroach closely misses you.
You shoot an arrow.
The arrow barely misses the giant cockroach.
The giant cockroach completely misses you.
The giant cockroach bites you but does no damage.
You shoot an arrow. The arrow hits the giant cockroach.
The giant cockroach is heavily wounded.
The giant cockroach bites you but does no damage.
You shoot an arrow. The arrow hits the giant cockroach.
You kill the giant cockroach!
A dart slug comes into view.
You shoot an arrow. The arrow hits the dart slug.
The dart slug is severely wounded.
You shoot an arrow. The arrow hits the dart slug.
You kill the dart slug!
Terence the Incautious comes into view.
He is wielding a +6 hand axe of electrocution.
Terence shouts!
You shoot an arrow.
The arrow hits Terence but does no damage.
You shoot an arrow. The arrow barely misses Terence.
You shoot an arrow.
The arrow hits Terence but does no damage.
You shoot an arrow. The arrow hits Terence!
Terence is heavily wounded.
Terence says, "Time to say good-bye..."
Terence barely misses you.
You shoot an arrow. The arrow completely misses Terence.
Terence hits you with a +6 hand axe of electrocution.
You shoot an arrow. The arrow closely misses Terence.
Terence closely misses you.
You shoot an arrow. The arrow hits Terence!
Terence is severely wounded.
Terence hits you with a +6 hand axe of electrocution!
Terence hits you with a +6 hand axe of electrocution.
You are electrocuted!!
Ouch! That really hurt!
You die...
Terence says, "Rest in peace."

###..
############.....#
#.........@@.#
####.############
####....#
.....#### .....#
####.# #.# ####.#
.....#


You could see Terence.

Vanquished Creatures
  3 gnolls (D:2)
  3 dart slugs
  An orc (D:2)
  3 ball pythons
  5 endoplasms (D:1)
  3 giant cockroaches
  4 goblins
  5 hobgoblins
  8 kobolds
  3 quokkas
  4 bats
  2 frilled lizards
  10 rats
54 creatures vanquished.

Notes
Turn   | Place    | Note
-------+----------+-------------------------------------------
     0 | D:1      | qw the Djinni Hunter began the quest for the Orb.
     0 | D:1      | Reached XP level 1. HP: 18/18 MP: 0/0
     0 | D:1      | 0 ||| qw: Version: 0.3-a-136-gdd3b4e8
     0 | D:1      | 0 ||| qw: Game counter: 1223
     0 | D:1      | 0 ||| qw: Melee chars always use a shield: true
     0 | D:1      | 0 ||| qw: God list: Okawaru
     0 | D:1      | 0 ||| qw: Allow faded altars: false
     0 | D:1      | 0 ||| qw: Do Orc after clearing Dungeon:15 true
     0 | D:1      | 0 ||| qw: Do second Lair branch before Depths: true
     0 | D:1      | 0 ||| qw: Lair rune preference: random
     0 | D:1      | 0 ||| qw: Goals: Normal
     0 | D:1      | 0 ||| PLANNING D:1-11
   110 | D:1      | Reached XP level 2. HP: 23/23 MP: 0/0
   170 | D:1      | Found Fuhanaoh's Assorted Antiques.
   178 | D:1      | 178 ||| SHOPLISTING glowing scarf (168 gold, have 0).
   178 | D:1      | 178 ||| SHOPLISTING puce potion (18 gold, have 0).
   178 | D:1      | 178 ||| SHOPLISTING ruby ring (105 gold, have 0).
   178 | D:1      | 178 ||| SHOPLISTING shiny helmet (157 gold, have 0).
   178 | D:1      | 178 ||| SHOPLISTING silver ring (105 gold, have 0).
   539 | D:1      | Reached skill level 4 in Ranged Weapons
   539 | D:1      | Reached XP level 3. HP: 28/28 MP: 0/0
   539 | D:1      | Learned a level 1 spell: Shock
   840 | D:1      | 840 ||| UPGRADING to +0 ring mail.
   850 | D:1      | 850 ||| DROPPING +0 leather armour.
   851 | D:1      | 851 ||| READING scroll labelled UTOINEM JUMA.
   851 | D:1      | 851 ||| IDENTIFYING metallic blue potion
   852 | D:1      | 852 ||| DROPPING scroll of butterflies.
   885 | D:2      | 885 ||| STAIRDANCE
   970 | D:2      | Reached skill level 1 in Armour
   982 | D:2      | Reached XP level 4. HP: 16/34 MP: 0/0
   982 | D:2      | 982 ||| FLEEEEING.
   983 | D:2      | 983 ||| FLEEEEING.
   984 | D:2      | 984 ||| FLEEEEING.
   985 | D:2      | 985 ||| FLEEEEING.
   986 | D:2      | 986 ||| FLEEEEING.
   987 | D:2      | 987 ||| FLEEEEING.
   988 | D:2      | 988 ||| FLEEEEING.
   989 | D:2      | 989 ||| FLEEEEING.
   990 | D:2      | 990 ||| FLEEEEING.
   991 | D:2      | 991 ||| FLEEEEING.
   992 | D:2      | 992 ||| FLEEEEING.
   993 | D:2      | 993 ||| STAIRDANCE
  1054 | D:1      | 1054 ||| READING 2 scrolls of identify.
  1054 | D:1      | 1054 ||| IDENTIFYING lumpy sapphire potion
  1055 | D:1      | 1055 ||| READING scroll of identify.
  1055 | D:1      | 1055 ||| IDENTIFYING purple potion
  1056 | D:1      | 1056 ||| DROPPING potion of attraction.
  1094 | D:2      | Reached skill level 3 in Fighting
  1483 | D:2      | 1483 ||| UPGRADING to +0 pair of gloves.
  1488 | D:2      | 1488 ||| UPGRADING to +0 cloak.
  1493 | D:2      | 1493 ||| READING scroll labelled IDEHIROOPN.
  1493 | D:2      | 1493 ||| ENCHANTING +0 shortbow.
  1514 | D:3      | 1514 ||| STAIRDANCE
  1527 | D:3      | 1527 ||| STAIRDANCE
  1534 | D:3      | 1534 ||| STAIRDANCE
  1576 | D:3      | Noticed Terence
  1583 | D:3      | Mangled by Terence

Levels and vault maps discovered:
D:1:      lemuel_arrival_muddy, layout_loops_corners, serial_shops, shop
D:2:      layout_rooms, glass_columns_b
D:3:      layout_rooms, serial_shops, shop,
          hellmonk_ecumenical_altar_leap_of_faith, grunt_ministairs_9,
          kennysheep_generic_room_9, uniq_terence, uniq_sigmund

Skill      XL: |  1  2  3  4 |
---------------+-------------+-----
Ranged Weapons | 4 |  4.2
Armour         | 1 |  1.0
Fighting       | 3 |  3.1
Dodging        | |  2.1
Stealth        | |  0.7

Action                     |  1- 3 |  4- 6 || total
---------------------------+-------+-------++-------
   Fire: Shortbow          |    89 |    54 ||   143
    Use: Scroll            |     1 |     3 ||     4
 Armour: Leather armour    |     6 |       ||     6
         Ring mail         |    10 |    35 ||    45
  Dodge: Dodged            |    13 |    34 ||    47

Table legend:
 A = Non-vault XP
 B = Vault XP
 C = Vault XP percentage of total XP
 D = Non-vault monster count
 E = Vault monster count
 F = Vault count percentage of total count
                 A         B        C        D         E       F
            +---------+---------+-------+---------+---------+-------
      Total |     132 |       0 |   0.0 |      54 |       0 |   0.0
            +---------+---------+-------+---------+---------+-------
        D:1 |      49 |       0 |   0.0 |      26 |       0 |   0.0
        D:2 |      77 |       0 |   0.0 |      26 |       0 |   0.0
        D:3 |       6 |       0 |   0.0 |       2 |       0 |   0.0
            +---------+---------+-------+---------+---------+-------
